 Dungeon Crawl Stone Soup version 0.15-a0-1485-g692b94f (console) character file.

2246 Sabretooth the Gouger (level 9, -4/37 HPs)
             Began as a Felid Fighter on June 14, 2014.
             Was a Follower of Cheibriados.
             Slain by a giant frog (6 damage)
             ... on Level 8 of the Dungeon.
             The game lasted 00:21:42 (4402 turns).

Sabretooth the Gouger (Felid Fighter)               Turns: 4402, Time: 00:21:43

HP  -4/37        AC  2     Str 17      XL: 9   Next: 15%
MP  21/21        EV 29     Int 11      God: Cheibriados [*.....]
Gold 299         SH  0     Dex 18      Spells:  0 memorised,  8 levels left
Lives: 0, deaths: 2

rFire  . . .     SeeInvis +       - Unarmed
rCold  . . .     Clarity  .     (armour unavailable)
rNeg   . . .     rCorr    .     (shield unavailable)
rPois  .         rRot     .     (helmet unavailable)
rElec  .         Spirit   .     (cloak unavailable)
SustAb .         Warding  .     (gloves unavailable)
rMut   .         Stasis   .     (boots unavailable)
Gourm  .                        (no amulet)
MR     +....                    s - +2 ring of evasion
                                q - cursed +3 ring of evasion

@: lethally poisoned, slow, somewhat resistant to hostile enchantments,
unstealthy
A: paw claws, no armour, no weapons or thrown items, fangs 3, see invisible,
carnivore 3, speed 1, shaggy fur 2, slow metabolism 1, jump 2
a: Jump Attack, Bend Time, Renounce Religion


You were on level 8 of the Dungeon.
You worshipped Cheibriados.
Cheibriados was aware of your devotion.
You were completely stuffed.

You visited 2 branches of the dungeon, and saw 10 of its levels.

You collected 299 gold pieces.

Inventory:

Magical devices
 h - a wand of flame (0)
 k - a wand of heal wounds (5)
 v - a wand of flame (16)
 x - a wand of slowing (5)
 B - a wand of polymorph (15) {unknown}
Comestibles
 a - 2 beef jerkies
 d - 7 meat rations
 A - 5 rotting chunks of ogre flesh
 C - 5 chunks of troll flesh
Scrolls
 c - 3 scrolls of enchant armour
 f - a scroll of random uselessness {unknown}
 i - 3 scrolls of remove curse {unknown}
 j - 2 scrolls of enchant weapon II {unknown}
 l - 3 scrolls of blinking {unknown}
 m - a scroll of immolation {unknown}
 r - a scroll of recharging {unknown}
 t - 3 scrolls of teleportation {unknown}
 u - a scroll of fog {unknown}
 w - a scroll of amnesia {unknown}
 y - a scroll of brand weapon {unknown}
 z - a scroll of enchant weapon I {unknown}
Jewellery
 q - a cursed +3 ring of evasion (left paw)
 s - a +2 ring of evasion (right paw)
Potions
 b - a potion of restore abilities
 e - a potion of might
 g - a potion of brilliance
 o - a potion of berserk rage {unknown}
 p - 3 potions of flight


   Skills:
 - Level 3.0 Fighting
 + Level 7.7 Dodging
 - Level 11.6 Unarmed Combat
 + Level 5.7 Invocations


You had 8 spell levels left.
You didn't know any spells.

Dungeon Overview and Level Annotations

Branches:
Dungeon (9/15)             Temple (1/1) D:7
    Orc: D:9-12        Lair: D:8-11

Altars:
Ashenzari
Cheibriados
Dithmenos
Gozag
Kikubaaqudgha
Makhleb
Okawaru
Qazlal
Sif Muna
Vehumet
Zin
The Shining One

Annotations:
D:8 Gastronok


Innate Abilities, Weirdness & Mutations

You cannot wear armour.
You are incapable of wielding weapons or throwing items.
Your paws have sharp claws.
You have razor-sharp teeth.
You have supernaturally acute eyesight.
You are carnivorous and can eat meat at any time.
You cover ground quickly.
You are covered in thick fur (AC +2).
You have a slow metabolism.
You can jump attack at a medium distance.


Message History

The crimson imp is almost dead.
You feel sick. The crimson imp closely misses you.
You scratch the crimson imp.
You kill the crimson imp!
Cheibriados thoroughly appreciates the change of pace.
You completely miss the giant frog. Your bite misses the giant frog.
The giant frog misses you.
You claw the giant frog!
The giant frog begins to bleed from its wounds!
The giant frog is heavily wounded.
The giant frog misses you.
You scratch the giant frog.
The giant frog is almost dead.
The giant frog completely misses you. The giant frog hits you.
* * * LOW HITPOINT WARNING * * *
You barely miss the giant frog.
The giant frog is almost dead.
The giant frog hits you.
You die...

### ##.## ## #########
##...#####.
........#######..........
#.....@......>...######
#.###F#######...|......
#.....# ###.######.
#.....# ##.######.
#....... .........#
#...!.### ##.#####.#
#...... ..# #.# ####.###
### #.# .# #.#


You could see a giant frog (bleeding).

Vanquished Creatures
  A troll (D:9)
  Prince Ribbit (D:6)
  Edmund (D:5)
  A water moccasin (D:8)
  An orc warrior (D:8)
  A necrophage (D:7)
  A sky beast (D:8)
  An ogre (D:8)
  Sigmund (D:5)
  2 giant frogs
  Blork the orc (D:4)
  2 scorpions
  12 killer bees (D:8)
  A quasit (D:5)
  The ghost of Sabretooth the Scratcher, a weakling FeFi (D:5)
  5 crimson imps
  5 orc priests
  4 hounds
  3 orc wizards
  A giant frog skeleton (D:8)
  2 iguanas
  Natasha (thrice) (D:4)
  7 worker ants
  An ogre skeleton (D:6)
  A mummy (D:9)
  14 adders
  7 gnolls
  A giant mite (D:3)
  4 shadow imps
  A worm (D:3)
  An orc skeleton (D:8)
  26 orcs
  A bat skeleton (D:4)
  8 goblins
  8 hobgoblins
  14 jackals
  9 kobolds
  A ball python skeleton (D:5)
  3 bats
  4 giant cockroaches
  A giant gecko skeleton (D:5)
  6 giant newts
  A giant newt skeleton (D:4)
  A hobgoblin skeleton (D:5)
  An orc zombie (D:5)
  13 rats
  A rat zombie (D:5)
  8 ballistomycetes (D:6)
194 creatures vanquished.

Vanquished Creatures (others)
  A kobold (D:7)
  A giant spore (D:6)
2 creatures vanquished.

Grand Total: 196 creatures vanquished

Notes
Turn   | Place    | Note
--------------------------------------------------------------
     0 | D:1      | Sabretooth, the Felid Fighter, began the quest for the Orb.
     0 | D:1      | Reached XP level 1. HP: 10/10 MP: 2/2
   109 | D:2      | Reached XP level 2. HP: 14/14 MP: 3/3
   216 | D:2      | Found a burning altar of Makhleb.
   218 | D:2      | Found a glowing silver altar of Zin.
   218 | D:2      | Noticed an angel
   218 | D:2      | Noticed a cacodemon
   230 | D:2      | Reached skill level 5 in Unarmed Combat
   230 | D:2      | Reached XP level 3. HP: 17/17 MP: 5/5
   655 | D:3      | Reached XP level 4. HP: 2/21 MP: 7/7
  1005 | D:4      | Reached skill level 6 in Unarmed Combat
  1031 | D:4      | Noticed Blork the orc
  1044 | D:4      | Killed Blork the orc
  1044 | D:4      | Reached XP level 5. HP: 12/24 MP: 8/8
  1068 | D:5      | Entered Level 5 of the Dungeon
  1068 | D:5      | Noticed Sabretooth's ghost (weakling FeFi)
  1411 | D:4      | Noticed Natasha
  1438 | D:4      | Killed Natasha
  1438 | D:4      | Reached skill level 7 in Unarmed Combat
  1567 | D:4      | Gained mutation: You are covered in thick fur (AC +2). [growing up]
  1567 | D:4      | Gained mutation: You can jump attack at a medium distance. [growing up]
  1567 | D:4      | Reached XP level 6. HP: 24/28 MP: 10/10
  1592 | D:4      | Noticed Natasha
  1602 | D:4      | Killed Natasha
  1667 | D:4      | Slain by a gnoll
  1668 | D:4      | Reached XP level 5. HP: -2/24 MP: 8/8
  1809 | D:5      | Noticed Edmund
  1816 | D:5      | Noticed Sigmund
  1824 | D:5      | Killed Sigmund
  1824 | D:5      | Reached skill level 8 in Unarmed Combat
  1824 | D:5      | Reached XP level 6. HP: 10/28 MP: 10/10
  1830 | D:5      | Killed Sabretooth's ghost
  1837 | D:5      | Killed Edmund
  1893 | D:5      | Reached skill level 9 in Unarmed Combat
  1941 | D:5      | Reached XP level 7. HP: 22/31 MP: 12/12
  2368 | D:4      | Noticed Natasha
  2371 | D:4      | Killed Natasha
  2581 | D:6      | Reached skill level 10 in Unarmed Combat
  2701 | D:6      | Noticed Prince Ribbit
  2728 | D:6      | Killed Prince Ribbit
  2729 | D:6      | Reached XP level 8. HP: 19/34 MP: 13/13
  3092 | D:6      | Reached skill level 11 in Unarmed Combat
  3590 | D:7      | Found a staircase to the Ecumenical Temple.
  3598 | Temple   | Entered the Ecumenical Temple
  3609 | Temple   | Became a worshipper of Cheibriados the Contemplative
  3675 | D:7      | Mangled by an orc
  3676 | D:7      | Reached XP level 7. HP: -8/31 MP: 12/12
  3775 | D:8      | Reached skill level 1 in Invocations
  3843 | D:8      | Reached XP level 8. HP: 5/34 MP: 16/16
  3940 | D:8      | Noticed Gastronok
  3947 | D:8      | Reached skill level 5 in Dodging
  4274 | D:9      | Noticed a troll
  4281 | D:9      | Killed a troll
  4281 | D:9      | Reached skill level 5 in Invocations
  4345 | D:8      | Reached XP level 9. HP: 18/37 MP: 21/21
  4402 | D:8      | Slain by a giant frog

Action                   |  1- 3 |  4- 6 |  7- 9 || total
-------------------------+-------+-------+-------++-------
Melee: Unarmed           |    60 |   169 |   346 ||   575
Invok: Bend Time         |       |       |     4 ||     4
 Abil: Jump Attack       |       |       |     1 ||     1
Evoke: Wand              |       |     2 |    22 ||    24
  Use: Potion            |       |     5 |     7 ||    12
       Scroll            |       |     3 |     6 ||     9
 Stab: Sleeping          |     3 |     4 |       ||     7
       Distracted        |     1 |       |       ||     1
